 Dungeon Crawl Stone Soup version 0.30-a0-159-g068b764562 (webtiles) character file.

Game seed: 17598194302279253092

1017 ragingrage the Conjurer (level 8, -12/56 HPs)
             Began as a Demonspawn Reaver on Sept 27, 2022.
             Was a Follower of Sif Muna.
             Mangled by Menkaure (22 damage)
             ... on level 4 of the Dungeon.
             The game lasted 00:05:53 (4656 turns).

ragingrage the Conjurer (Demonspawn Reaver)         Turns: 4656, Time: 00:05:54

Health: -12/56     AC:  4    Str: 12    XL:     8   Next: 2%
Magic:  11/11      EV: 11    Int: 17    God:    Sif Muna [*.....]
Gold:   191        SH:  0    Dex: 12    Spells: 2/11 levels left

rFire   . . .      SeeInvis .    u - +7 long sword of Fedhas's Esteem {freeze, *Rage rPois rC+}
rCold   + . .      Faith    .    (no shield)
rNeg    . . .      Spirit   .    b - +0 leather armour
rPois   +          Reflect  .    (helmet restricted)
rElec   .          Harm     .    (no cloak)
rCorr   .          Rampage  .    (no gloves)
Will    .....      Rage     20%  (no boots)
Stlth   +.........               (no amulet)
HPRegen 0.18/turn                c - ring of poison resistance
MPRegen 0.12/turn                (no ring)

@: no status effects
A: horns 1, demonic guardian 1, powered by death 1, sharp scales 1
a: Renounce Religion, Channel Magic


You were on level 4 of the Dungeon.
You worshipped Sif Muna.
Sif Muna was aware of your devotion.
You visited 1 branch of the dungeon, and saw 4 of its levels.

You collected 239 gold pieces.
You spent 48 gold pieces at shops.

Inventory:

Hand Weapons
 a - a +0 spear
 e - a +0 scythe
 s - a +2 hand axe of flaming
 u - the +7 long sword of Fedhas's Esteem (weapon) {freeze, *Rage rPois rC+}
   (You found it on level 4 of the Dungeon)

   It freezes those it strikes, dealing additional cold damage.
   It can also slow down cold-blooded creatures.
   rC:        It protects you from cold.
   rPois:     It protects you from poison.
   *Rage:     It berserks you when you make melee attacks (+20% chance).
Missiles
 t - 2 poisoned darts
Armour
 b - a +0 leather armour (worn)
Jewellery
 c - a ring of poison resistance (left hand)
Scrolls
 d - a scroll of blinking {unknown}
 f - 4 scrolls of identify {unknown}
 g - a scroll of teleportation {unknown}
 i - 4 scrolls of vulnerability {unknown}
 k - a scroll of enchant weapon {unknown}
 m - a scroll of immolation {unknown}
 o - a scroll of magic mapping {unknown}
 p - a scroll of silence {unknown}
 r - a scroll of fog {unknown}
 x - a scroll of fear {unknown}
Potions
 h - 2 potions of haste {unknown}
 j - 2 potions of curing {unknown}
 l - a potion of might
 n - a potion of mutation {unknown}
 q - a potion of ambrosia {unknown}
 v - a potion of lignification {unknown}
 w - a potion of brilliance {unknown}


   Skills:
 - Level 2.0 Fighting
 - Level 4.3 Polearms
 - Level 1.7 Dodging
 - Level 2.0 Spellcasting
 + Level 6.8 Conjurations
 + Level 4.7 Summonings
 - Level 3.0 Necromancy


You had 2 spell levels left.
You knew the following spells:

 Your Spells              Type           Power      Damage    Failure   Level
a - Kiss of Death         Conj/Necr      72%        2d10      3%          1
b - Volcanic Tap          Conj/Fire/Erth 18%        3d9       14%         2
c - Hailstorm             Conj/Ice       13%        3d5       19%         3
d - Call Canine Familiar  Summ           17%        N/A       11%         3

Your spell library contained the following spells:

 Spells                   Type           Power      Damage    Failure   Level
 Summon Small Mammal      Summ           68%        N/A       3%          1
 Beastly Appendage        Tmut           2%         N/A       24%         1
 Wereblood                Tmut           1%         N/A       36%         2
 Summon Guardian Golem    Hex/Summ       9%         N/A       28%         3
 Dispel Undead            Necr           11%        3d9       56%         4
 Confusing Touch          Hex            1%         N/A       58%         3
 Spider Form              Tmut/Pois      1%         N/A       58%         3


Dungeon Overview and Level Annotations

Branches:
Dungeon (4/15)
 Temple: D:4-7

Altars:
Nemelex Xobeh
Ru
Sif Muna

Shops:
D:2 *

Annotations:
D:2 exclusion: downstairs
D:4 1 runed translucent door, Crazy Yiuf, Menkaure


Innate Abilities, Weirdness & Mutations

You have a pair of small horns on your head.
A weak demonic guardian rushes to your aid.
You regenerate a little health from kills.
You are partially covered in razor-sharp scales. (AC +1, Slay +1)


Message History

You freeze the black bear.
You kill the black bear!
Sif Muna accepts your kill.
You have reached level 8!
You feel clever.
You start resting.
You feel a strong urge to attack something.
You start resting.
You feel your anger nearly subside.
You start resting.
You are no longer berserk.
You are exhausted.
You feel yourself slow down.
You start resting.
You feel yourself speed up.
HP restored.
You see here a black bear corpse.
You recover from your berserk rage.
Menkaure, Prince of Dust comes into view.
Menkaure shouts!
Menkaure is nearby!
Menkaure is nearby!
Menkaure is nearby!
Menkaure is nearby!
Menkaure calls on the powers of darkness!
Your body is wracked with pain!
A demonic guardian appears!
You are too injured to fight recklessly!
You are too injured to fight recklessly!
Menkaure hits you!!
* * * LOW HITPOINT WARNING * * *
You hit Menkaure but do no damage. Your headbutt misses Menkaure.
Menkaure barely misses you.
You slash Menkaure! You freeze Menkaure. You headbutt Menkaure.
Menkaure is heavily damaged.
Menkaure mumbles some strange words.
Menkaure seems to speed up.
You closely miss Menkaure. You headbutt Menkaure.
Menkaure is severely damaged.
Menkaure closely misses you. Menkaure hits you!!
You die...

#.# #.# #...# #..... #.# #.#
#...# ###### #.# #.# #.......#
#.# # ..# #.##.##.# ..# .# ###
####. ..# .# ####.#. #... ...#
# ....... #.##..... .....#.
#M....... .).#... #@# .# .##
.#..# # ####5##.##.# ## ###.#
#..........# ##.##.# ....+#
#.##.#.###.###...#.# ####...#
#.##>..............# #.# .
#.##.#...........>.## +.#####
#.##.#..............#
#.#...####.##.#.<...........#
####...#......................#


You could see Menkaure (fast, ally target) and a friendly shadow imp (summoned).

Vanquished Creatures
  Pikel (D:4)
  Sigmund (D:3)
  A black bear (D:4)
  A jelly (D:4)
  4 orc wizards
  An iguana (D:4)
  A gnoll (D:1)
  4 adders
  2 worms (D:2)
  A dart slug (D:4)
  4 orcs
  4 ball pythons
  5 bats
  8 endoplasms
  4 giant cockroaches
  3 goblins
  6 hobgoblins
  6 jackals
  3 kobolds
  5 quokkas
  3 frilled lizards
  8 rats
76 creatures vanquished.

Vanquished Creatures (collateral kills)
  An orc (D:4)
  A quokka (D:3)
2 creatures vanquished.

Grand Total: 78 creatures vanquished

Notes
Turn   | Place    | Note
-------+----------+-------------------------------------------
     0 | D:1      | ragingrage the Demonspawn Reaver began the quest for the
                  | Orb.
     0 | D:1      | Reached XP level 1. HP: 16/16 MP: 3/3
   260 | D:1      | Gained mutation: A weak demonic guardian rushes to your
                  | aid. [demonic ancestry]
   260 | D:1      | Reached XP level 2. HP: 9/22 MP: 0/5
   495 | D:1      | Found a faded altar of an unknown god.
   556 | D:1      | Learned a level 2 spell: Volcanic Tap
   927 | D:1      | Reached XP level 3. HP: 20/24 MP: 6/6
  1033 | D:1      | Learned a level 3 spell: Hailstorm
  1908 | D:2      | Found Zealiymn's General Store.
  1917 | D:2      | Bought a potion of might for 48 gold pieces
  1922 | D:2      | Found a shimmering blue altar of Sif Muna.
  1945 | D:2      | Became a worshipper of Sif Muna the Loreminder
  1977 | D:2      | Found Unaiqe's Antique Weapon Boutique.
  2505 | D:2      | Reached skill level 1 in Necromancy
  2782 | D:3      | Gained mutation: You are partially covered in razor-sharp
                  | scales. (AC +1, Slay +1) [demonic ancestry]
  2782 | D:3      | Reached XP level 4. HP: 25/26 MP: 7/7
  3210 | D:3      | Reached skill level 4 in Conjurations
  3223 | D:3      | Noticed Sigmund
  3502 | D:3      | Killed Sigmund
  3503 | D:3      | Gained mutation: You regenerate a little health from kills.
                  | [demonic ancestry]
  3503 | D:3      | Reached XP level 5. HP: 18/38 MP: 8/8
  3503 | D:3      | Gained mutation: You have a pair of small horns on your
                  | head. [demonic ancestry]
  3503 | D:3      | Reached XP level 6. HP: 21/44 MP: 9/9
  3867 | D:3      | Learned a level 3 spell: Call Canine Familiar
  3911 | D:3      | Found a sacrificial altar of Ru.
  3937 | D:4      | Reached * piety under Sif Muna
  4044 | D:4      | Identified the +7 long sword of Fedhas's Esteem {freeze,
                  | *Rage rPois rC+}
  4056 | D:4      | Found a runed translucent door.
  4057 | D:4      | Noticed Crazy Yiuf
  4108 | D:4      | Noticed Pikel
  4114 | D:4      | Killed Pikel
  4115 | D:4      | Reached skill level 6 in Conjurations
  4115 | D:4      | Reached XP level 7. HP: 50/50 MP: 10/10
  4150 | D:4      | Found a sparkling altar of Nemelex Xobeh.
  4576 | D:4      | Reached XP level 8. HP: 56/56 MP: 11/11
  4649 | D:4      | Noticed Menkaure
  4656 | D:4      | Mangled by Menkaure

Illustrated notes

Levels and vault maps discovered:
D:1:      giann_bridges, layout_loops_corners,
          shapermc_ecumenical_altar_totnotflames, minmay_tiny_reverse_x
D:2:      layout_loops_cross, basic_altar, serial_shops, shop_fountains,
          nicolae_shop_crystal
D:3:      layout_basic, mainiacjoe_overflow_tiny_flanked, patterned_corridor,
          uniq_sigmund
D:4:      layout_loops_cross, mainiacjoe_overflow_small_starburst,
          minmay_fractal_squares_diagonal_5, uniq_pikel, uniq_menkaure,
          uniq_crazy_yiuf_cottage

Skill      XL: |  1  2  3  4  5  6  7 |
---------------+----------------------+-----
Polearms       | 3 4 |  4.3
Necromancy     | 1 3 |  3.0
Conjurations   | 4 6 |  6.8
Summonings     | 3 4 |  4.7
Fighting       | |  2.0
Dodging        | |  1.7
Spellcasting   | |  2.0

Action                   |  1- 3 |  4- 6 |  7- 9 || total
-------------------------+-------+-------+-------++-------
Melee: Spear             |   160 |    49 |       ||   209
       Punch             |     1 |     1 |     1 ||     3
       Halberd           |       |    25 |       ||    25
       Long sword        |       |     5 |    30 ||    35
       Headbutt          |       |     2 |     6 ||     8
 Cast: Kiss of Death     |     4 |     2 |       ||     6
  Use: Potion            |       |     1 |       ||     1
Armor: Leather armour    |    35 |    20 |    11 ||    66
Dodge: Dodged            |    61 |    38 |    20 ||   119

Table legend: (Time is in decaauts)
 A = Elapsed time spent in this place.
 B = Non-inter-level travel time spent in this place.
 C = Inter-level travel time spent in this place.
 D = Time resting spent in this place.
 E = Time spent auto-exploring this place.
 F = Levels seen in this place.
 G = Mean time per level.
                   A        B        C        D        E       F      G
               +--------+--------+--------+--------+--------+-----+--------+
         Total |   4720 |   4597 |    123 |    969 |   3020 |   4 | 1180.0 |
       Dungeon |   4720 |   4597 |    123 |    969 |   3020 |   4 | 1180.0 |
               +--------+--------+--------+--------+--------+-----+--------+

Top non-repeatable levels by time:
     D:2: 1481 daAuts
     D:1: 1459 daAuts
     D:3: 988 daAuts
     D:4: 791 daAuts
